 Dungeon Crawl Stone Soup version 0.18-a0-118-g58bf2d5 (webtiles) character file.

2708 Duffy the Fighter (level 9, -1/106 HPs)
             Began as an Ogre Berserker on Nov 18, 2015.
             Was an Elder of Trog.
             Succumbed to a killer bee's poison
             ... on level 8 of the Dungeon.
             The game lasted 00:08:35 (9169 turns).

Duffy the Fighter (Ogre Berserker)                  Turns: 9169, Time: 00:08:35

Health: -1/106     AC:  6    Str: 24    XL:     9   Next: 66%
Magic:  1/9        EV: 10    Int:  6    God:    Trog [****..]
Gold:   390        SH:  0    Dex: 12    Spells: 0 memorised, 8 levels left

rFire  . . .     SeeInvis .     y - +0 giant spiked club
rCold  . . .     Clarity  .     b - +0 animal skin
rNeg   . . .     SustAt   .     (shield currently unavailable)
rPois  .         Gourm    .     (helmet restricted)
rElec  .         Spirit   +     A - +2 cloak
rCorr  .         Warding  .     (gloves unavailable)
rMut   .         Stasis   .     (boots unavailable)
MR     .....                    I - amulet of guardian spirit
Stlth  +.........               (no ring)
                                (no ring)

@: lethally poisoned (-1 -> -21), exhausted, slowed, very slow, not resistant to
hostile enchantments, very unstealthy
A: unfitting armour, tough skin 1
a: Berserk, Trog's Hand, Brothers in Arms, Burn Spellbooks, Renounce Religion


You were on level 8 of the Dungeon.
You worshipped Trog.
Trog was greatly pleased with you.
You were very hungry.

You visited 1 branch of the dungeon, and saw 8 of its levels.

You collected 390 gold pieces.


Innate Abilities, Weirdness & Mutations

You are too large for most types of armour.
You have tough skin (AC +1).


   Skills:
 + Level 12.2 Fighting
 + Level 12.1 Maces & Flails
 - Level 3.0 Dodging


You had 8 spell levels left.
You didn't know any spells.

Inventory:

Hand Weapons
 y - a +0 giant spiked club (weapon)
Missiles
 l - 7 tomahawks (quivered)
 z - 30 poisoned needles
 F - 3 throwing nets
Armour
 b - a +0 animal skin (worn)
 A - a +2 cloak (worn)
Jewellery
 C - an uncursed amulet of stasis
 I - an amulet of guardian spirit (around neck)
Wands
 q - a wand of slowing (39)
 u - a wand of flame (8)
Scrolls
 g - 2 scrolls of teleportation
 i - 4 scrolls of remove curse
 j - 2 scrolls of enchant weapon {unknown}
 o - 2 scrolls of fear
 t - a scroll of noise {unknown}
 v - a scroll of enchant armour {unknown}
 x - 2 scrolls of magic mapping {unknown}
Potions
 h - 3 potions of lignification
 m - a potion of beneficial mutation
 p - 3 potions of heal wounds
 r - a potion of might {unknown}
 s - a potion of magic {unknown}
 w - a potion of flight {unknown}
 B - a potion of resistance
 G - 2 potions of berserk rage
Comestibles
 c - 4 bread rations
 f - 4 meat rations
 n - 10 fruits
 D - a slice of pizza
 H - 2 beef jerkies

Dungeon Overview and Level Annotations

Branches:
Dungeon (8/15)             Temple (0/1) D:4
   Lair: D:8-11

Altars:
Dithmenos
Nemelex Xobeh
Okawaru
Sif Muna
Trog
Xom

Shops:
D:7 [


Message History

The killer bee is almost dead.
You feel sick. The killer bee barely misses you.
The killer bee barely misses you.
You miss the killer bee.
The killer bee is almost dead.
Your skin stops crawling.
You feel less resistant to hostile enchantments.
You feel sick. The killer bee stings you.
You are more poisoned.
The killer bee poisons you! The killer bee stings you!
The killer bee stings you but does no damage.
You barely miss the killer bee.
The killer bee is almost dead.
You are no longer berserk.
You are exhausted.
You feel yourself slow down.
You are feeling very hungry.
You feel very sick. The killer bee misses you.
The killer bee closely misses you.
You barely miss the killer bee.
The killer bee is almost dead.
You feel very sick.
The killer bee stings you but does no damage.
The killer bee stings you. x2
You closely miss the killer bee.
The killer bee is almost dead.
You feel sick. The killer bee completely misses you. The killer bee misses you.
Your two-headed ogre goes berserk!
You feel somewhat more hungry.
You feel very sick. The killer bee stings you! The killer bee stings you.
You are more poisoned.
The killer bee poisons you! The killer bee barely misses you.
You swap places.
You die... #. #. #. #. #. #. #.#####.# #.@Oyy..# ######..# .# #

You could see 2 killer bees and a friendly two-headed ogre (berserk).

Action                   |  1- 3 |  4- 6 |  7- 9 || total
-------------------------+-------+-------+-------++-------
Melee: Mace              |    39 |       |       ||    39
       Whip              |    43 |   193 |    28 ||   264
       Giant spiked club |       |       |   268 ||   268
Invok: Berserk           |       |     2 |     2 ||     4
       Burn Spellbooks   |       |       |     1 ||     1
       Trog's Hand       |       |       |     1 ||     1
       Brothers in Arms  |       |       |     1 ||     1
  Use: Scroll            |       |       |    10 ||    10
 Stab: Sleeping          |     1 |       |     3 ||     4
  Eat: Chunk             |     1 |     9 |    21 ||    31

Notes
Turn   | Place    | Note
--------------------------------------------------------------
     0 | D:1      | Duffy the Ogre Berserker began the quest for the Orb.
     0 | D:1      | Reached XP level 1. HP: 24/24 MP: 1/1
   181 | D:1      | Reached skill level 3 in Dodging
   276 | D:1      | Reached XP level 2. HP: 28/32 MP: 2/2
   687 | D:1      | Reached XP level 3. HP: 40/40 MP: 3/3
   950 | D:1      | Reached ** piety under Trog
   995 | D:2      | Reached skill level 5 in Maces & Flails
  1242 | D:2      | Reached skill level 5 in Fighting
  1242 | D:2      | Reached XP level 4. HP: 46/50 MP: 4/4
  1900 | D:2      | Reached XP level 5. HP: 53/58 MP: 5/5
  1905 | D:2      | Found an iron altar of Okawaru.
  2268 | D:2      | Found a faded altar to an unknown god.
  2279 | D:2      | Reached skill level 6 in Maces & Flails
  2547 | D:3      | Reached *** piety under Trog
  2577 | D:3      | Noticed Robin
  2591 | D:3      | Killed Robin
  2591 | D:3      | Reached skill level 6 in Fighting
  3620 | D:4      | Reached XP level 6. HP: 55/68 MP: 6/6
  3766 | D:4      | Noticed Grinder
  3833 | D:4      | Paralysed by Grinder for 5 turns
  3843 | D:4      | Killed Grinder
  3843 | D:4      | Reached skill level 7 in Fighting
  3843 | D:4      | Reached skill level 7 in Maces & Flails
  3843 | D:4      | Reached XP level 7. HP: 40/78 MP: 7/7
  4026 | D:4      | Found a staircase to the Ecumenical Temple.
  4288 | D:4      | Found a bloodstained altar of Trog.
  4298 | D:4      | Reached skill level 8 in Fighting
  4298 | D:4      | Reached skill level 8 in Maces & Flails
  4810 | D:4      | Reached **** piety under Trog
  4856 | D:4      | Reached skill level 9 in Maces & Flails
  4856 | D:4      | Reached XP level 8. HP: 59/91 MP: 8/8
  5004 | D:4      | Reached skill level 9 in Fighting
  5085 | D:4      | Found a deep blue altar of Sif Muna.
  5208 | D:4      | Found a sparkling altar of Nemelex Xobeh.
  5208 | D:4      | Found an iron altar of Okawaru.
  5698 | D:5      | Entered Level 5 of the Dungeon
  6023 | D:5      | Reached skill level 10 in Maces & Flails
  6102 | D:5      | Reached skill level 10 in Fighting
  6275 | D:5      | Found a shimmering altar of Xom.
  6945 | D:6      | Reached XP level 9. HP: 102/102 MP: 9/9
  7263 | D:6      | Reached skill level 11 in Fighting
  7263 | D:6      | Reached skill level 11 in Maces & Flails
  7923 | D:6      | Found a shadowy altar of Dithmenos.
  8578 | D:7      | Found Mujy's Antique Armour Shop.
  8797 | D:7      | Reached skill level 12 in Fighting
  8797 | D:7      | Reached skill level 12 in Maces & Flails
  9004 | D:7      | Reached ***** piety under Trog
  9139 | D:7      | You fall through a shaft!
  9169 | D:8      | Succumbed to a killer bee's poison

Vault maps used:
D:1:      dpeg_arrival_snail
D:2:      ecumenical_altar_2, okawaru_trees_2
D:3:      first_bread, grunt_decor_resistance, uniq_robin
D:4:      lemuel_doored_altar, lightli_temple_of_fire,
          gammafunk_temple_overflow_elements, temple_doors_e, uniq_grinder
D:5:      marbit_many_paths, tgw_xom
D:6:      nicolae_dithmenos_through_a_glass_darkly
D:7:      serial_shops, shop
D:8:      kennysheep_big_flooded_room, david_lair_shrubbed

Vanquished Creatures
  Grinder
  A hungry ghost
  4 sky beasts
  A water moccasin
  2 phantoms
  4 ogres
  2 centaurs
  A scorpion
  2 giant frogs
  A killer bee
  4 crimson imps
  A centaur zombie
  5 orc wizards
  A gnoll shaman
  2 hounds
  An orc priest
  An iguana
  6 worker ants
  A hound skeleton Robin
  7 gnolls
  A worker ant zombie
  15 adders
  A shadow imp
  3 oozes
  An adder zombie
  2 worms
  7 giant geckos
  20 orcs
  8 giant cockroaches
  18 goblins
  8 hobgoblins
  15 jackals
  14 kobolds
  A ball python
  7 bats
  8 giant newts
  2 quokka skeletons
  12 rats
192 creatures vanquished.
